 Dungeon Crawl Stone Soup version 0.28.0-53-g5a82cb258f (webtiles) character file.

Game seed: 9214540674618725585

31679 concernfroge the Fighter (level 13, -9/124 HPs)
             Began as a Minotaur Berserker on June 17, 2022.
             Was an Elder of Trog.
             Mangled by a seven-headed hydra (13 damage)
             ... on level 4 of the Lair of Beasts on June 18, 2022.
             The game lasted 00:52:48 (13352 turns).

concernfroge the Fighter (Minotaur Berserker)      Turns: 13352, Time: 00:52:50

Health: -9/124     AC: 17    Str: 27    XL:     13   Next: 27%
Magic:  4/4        EV: 10    Int:  4    God:    Trog [****..]
Gold:   721        SH:  7    Dex: 12    Spells: 12/12 levels left

rFire   + . .      SeeInvis .   D - +5 trident of Voxtiura {antimagic, rF+ rCorr Dex+2}
rCold   + . .      Faith    .   m - +0 kite shield
rNeg    . . .      Spirit   .   x - +0 plate armour
rPois   +          Reflect  .   (helmet restricted)
rElec   .          Harm     .   b - scarf {repulsion}
rCorr   +          Rampage  .   (no gloves)
Will    ++...                   q - +0 pair of boots
Stlth   ..........              e - amulet of regeneration
HPRegen 2.10/turn               c - ring of poison resistance
MPRegen 0.09/turn               a - ring of protection from cold

@: mighty, strong-willed, on berserk cooldown, regenerating, slowed, repel
missiles, unable to read, very slow
A: horns 2, retaliatory headbutt, inability to read while threatened
a: Renounce Religion, Berserk, Trog's Hand, Brothers in Arms


You were on level 4 of the Lair of Beasts.
You worshipped Trog.
Trog was greatly pleased with you.
You visited 2 branches of the dungeon, and saw 15 of its levels.

You collected 981 gold pieces.
You spent 260 gold pieces at shops.

Inventory:

Hand Weapons
 D - the +5 trident of Voxtiura (weapon) {antimagic, rF+ rCorr Dex+2}
   (You found it on level 3 of the Lair of Beasts)

   It reduces the magical energy of the wielder, and disrupts the spells and
   magical abilities of those it strikes.
   Natural abilities and divine invocations are not affected.
   Dex:       It affects your dexterity (+2).
   rF:        It protects you from fire.
   rCorr:     It protects you from acid and corrosion.
Missiles
 v - a throwing net (quivered)
Armour
 b - a scarf of repulsion (worn)
 m - a +0 kite shield (worn)
 q - a +0 pair of boots (worn)
 x - a +0 plate armour (worn)
Jewellery
 a - a ring of protection from cold (right hand)
 c - a ring of poison resistance (left hand)
 e - an amulet of regeneration (around neck)
Wands
 g - a wand of acid (10)
 n - a wand of flame (36)
 p - a wand of paralysis (18)
 t - a wand of polymorph (4)
 y - a wand of iceblast (2)
 A - a wand of digging (14)
Scrolls
 f - a scroll of enchant weapon
 h - 8 scrolls of identify
 i - 7 scrolls of teleportation
 j - a scroll of holy word
 k - 3 scrolls of fear
 r - 2 scrolls of magic mapping {unknown}
 s - 3 scrolls of fog {unknown}
 z - 3 scrolls of enchant armour {unknown}
 C - 2 scrolls of silence
Potions
 d - 4 potions of curing
 l - a potion of might
 o - a potion of ambrosia {unknown}
 u - a potion of flight {unknown}
 w - 2 potions of magic


   Skills:
 + Level 14.1 Fighting
 - Level 14.0 Polearms
 + Level 13.8 Armour
 + Level 12.7 Dodging
 + Level 1.8 Shields


You had 12 spell levels left.
You didn't know any spells.
Your spell library was empty.

Dungeon Overview and Level Annotations

Branches:
Dungeon (11/15)            Temple (0/1) D:6            Lair (4/6) D:11
  Swamp (0/4) Lair:3          Orc (0/2) D:11
  Snake: Lair:2-4    Spider: Lair:2-4

Altars:
Cheibriados
Makhleb
Trog
Xom
Yredelemnul
Zin

Shops:
D:2 =   D:3 *   D:5 =   D:6 =

Annotations:
D:11 1 runed translucent door, Xaxieg's ghost, journeyman GnSk


Innate Abilities, Weirdness & Mutations

You have a pair of horns on your head.
You reflexively headbutt those who attack you in melee.
You sometimes lose the ability to read scrolls when taking damage.


Message History

You block the seven-headed hydra's attack.
Your skin crawls.
You feel strong-willed. Trog will no longer gift you weapons.
You block the seven-headed hydra's attack. x3
The seven-headed hydra completely misses you.
The seven-headed hydra bites you but does no damage.
The seven-headed hydra bites you.
* * * LOW HITPOINT WARNING * * *
The seven-headed hydra bites you but does no damage.
You block the seven-headed hydra's attack.
The seven-headed hydra bites you.
* * * LOW HITPOINT WARNING * * *
The seven-headed hydra bites you.
* * * LOW HITPOINT WARNING * * *
The seven-headed hydra bites you but does no damage.
The seven-headed hydra bites you.
* * * LOW HITPOINT WARNING * * *
The seven-headed hydra barely misses you. x2
You cannot read scrolls in your current state!
You feel very mighty all of a sudden.
The seven-headed hydra closely misses you. x2
The seven-headed hydra bites you!
* * * LOW HITPOINT WARNING * * *
The seven-headed hydra bites you but does no damage. x3
The seven-headed hydra bites you!
* * * LOW HITPOINT WARNING * * *
You impale the seven-headed hydra!!
The seven-headed hydra is severely wounded.
The seven-headed hydra barely misses you.
The seven-headed hydra closely misses you.
The seven-headed hydra bites you!
* * * LOW HITPOINT WARNING * * *
You block the seven-headed hydra's attack. x2
The seven-headed hydra bites you.
* * * LOW HITPOINT WARNING * * *
The seven-headed hydra closely misses you.
The seven-headed hydra bites you but does no damage. x3
The seven-headed hydra bites you!
You die...

#...# ####.#.......
#... #.#...........
#..###..............
#...................
###..................
#.[.................
###..................
#....................
#......@D............
#..................#..
#.....................
#.............†.......
#..............†......
#..............†.......
...[...................
.#....................
##..........P.#......


You could see a seven-headed hydra.

Vanquished Creatures
  Fannar (Lair:2)
  3 hydras
  A two-headed ogre (D:9)
  Nergalle (D:11)
  An ugly thing (D:11)
  2 black mambas
  A torpor snail (Lair:4)
  9 cane toads
  Maggie (D:8)
  17 rime drakes
  Psyche (D:10)
  A kobold demonologist (D:11)
  3 komodo dragons
  A polar bear (Lair:3)
  2 trolls
  A tyrant leech (Lair:3)
  10 blink frogs
  A shadow (D:6)
  A vampire (D:9)
  2 wyverns (Lair:3)
  A wraith (D:8)
  48 yaks
  9 steam dragons (Lair:2)
  A vampire mosquito (D:6)
  2 basilisks (Lair:2)
  2 acid dragons
  9 water moccasins
  2 sky beasts
  5 black bears
  3 orc warriors
  A hornet zombie (D:9)
  2 centaurs
  A necrophage (D:6)
  2 ogres
  5 wolves (Lair:1)
  2 phantoms
  2 kobold brigands
  2 gnoll sergeants
  8 bullfrogs
  3 scorpions
  16 killer bees
  A water moccasin skeleton (D:5)
  2 howler monkeys (D:9)
  9 wights
  4 centaur zombies
  A jelly (D:6)
  3 orc priests
  5 hounds
  A bullfrog zombie (D:5)
  2 centaur skeletons (D:7)
  3 gnoll shamans
  An iguana (D:6)
  A scorpion zombie (D:5)
  7 orc wizards
  A howler monkey zombie (D:7)
  23 gnolls
  8 adders
  2 shadow imps
  3 white imps
  3 worms
  4 dart slugs
  25 orcs
  5 endoplasms
  A giant cockroach (D:3)
  7 goblins
  6 hobgoblins
  11 kobolds
  2 quokkas (D:1)
  4 ball pythons
  4 bats
  7 frilled lizards
  4 rats (D:2)
346 creatures vanquished.

Vanquished Creatures (others)
  An angel (D:10)
  A yak (Lair:2)
  A bullfrog (Lair:2)
  9 fungi
  15 plants
27 creatures vanquished.

Grand Total: 373 creatures vanquished

Notes
Turn   | Place    | Note
-------+----------+-------------------------------------------
     0 | D:1      | concernfroge the Minotaur Berserker began the quest for the
                  | Orb.
     0 | D:1      | Reached XP level 1. HP: 19/19 MP: 0/0
    98 | D:1      | Found a faded altar of an unknown god.
   301 | D:1      | Reached XP level 2. HP: 17/27 MP: 1/1
   821 | D:2      | Reached XP level 3. HP: 33/33 MP: 2/2
  1146 | D:2      | Found Zoram's Jewellery Shop.
  1827 | D:3      | Reached XP level 4. HP: 41/41 MP: 3/3
  1894 | D:3      | Reached ** piety under Trog
  1969 | D:3      | Found Otathrid's General Store.
  2979 | D:4      | Reached XP level 5. HP: 21/47 MP: 4/4
  3102 | D:4      | Noticed a sky beast
  3117 | D:4      | Killed a sky beast
  3118 | D:4      | Reached skill level 5 in Fighting
  3118 | D:4      | Reached skill level 5 in Polearms
  3207 | D:4      | You fall into a shaft and drop 2 floors!
  3212 | D:6      | Reached XP level 6. HP: 56/56 MP: 5/5
  3257 | D:6      | Noticed a shadow
  3275 | D:6      | Killed a shadow
  3523 | D:6      | Noticed a sky beast
  3537 | D:6      | Killed a sky beast
  3538 | D:6      | Reached skill level 5 in Armour
  3538 | D:6      | Reached XP level 7. HP: 55/62 MP: 6/6
  3577 | D:6      | Noticed a vampire mosquito
  3580 | D:6      | Killed a vampire mosquito
  3585 | D:6      | Reached skill level 5 in Dodging
  3795 | D:6      | Reached XP level 8. HP: 68/71 MP: 7/7
  4115 | D:6      | Found a staircase to the Ecumenical Temple.
  4318 | D:6      | Reached XP level 9. HP: 48/81 MP: 8/8
  4529 | D:6      | Found Kiajui's Jewellery Boutique.
  4767 | D:7      | Reached *** piety under Trog
  5370 | D:5      | Entered Level 5 of the Dungeon
  5914 | D:5      | Found Surifakk's Jewellery Emporium.
  5927 | D:5      | Bought a ring of poison resistance for 260 gold pieces
  6642 | D:8      | Noticed Maggie
  6649 | D:8      | Reached XP level 10. HP: 67/91 MP: 9/9
  6658 | D:8      | Killed Maggie
  6797 | D:8      | Gained mutation: You sometimes lose the ability to read
                  | scrolls when taking damage. [potion of mutation]
  6897 | D:8      | Reached **** piety under Trog
  7117 | D:8      | Found a bloodstained altar of Trog.
  7118 | D:8      | Found a burning altar of Makhleb.
  7119 | D:8      | Found a snail-covered altar of Cheibriados.
  7120 | D:8      | Found a basalt altar of Yredelemnul.
  7382 | D:9      | Reached skill level 10 in Fighting
  7382 | D:9      | Reached skill level 10 in Polearms
  7616 | D:9      | Noticed a two-headed ogre
  7621 | D:9      | Killed a two-headed ogre
  7771 | D:9      | Reached skill level 10 in Armour
  7804 | D:9      | Found the +8 woodcutter's axe {vorpal}
  8071 | D:10     | Entered Level 10 of the Dungeon
  8109 | D:10     | Found a shimmering altar of Xom.
  8109 | D:10     | Noticed an angel
  8111 | D:10     | Found a glowing silver altar of Zin.
  8299 | D:10     | Noticed Psyche
  8318 | D:10     | Killed Psyche
  8333 | D:10     | Reached XP level 11. HP: 101/101 MP: 10/10
  8519 | D:10     | Killed an angel
  8624 | D:11     | Found a staircase to the Orcish Mines.
  8656 | D:11     | Found a runed translucent door.
  8659 | D:11     | Noticed Xaxieg's ghost (journeyman GnSk)
  8659 | D:11     | Noticed a spriggan rider
  8660 | D:11     | Identified the +8 spear of Breach {vorpal, *Slow rF+ Int+2}
  8966 | D:11     | Found a staircase to the Lair.
  8972 | D:11     | Reached skill level 10 in Dodging
  8993 | D:11     | Noticed Nergalle
  9006 | D:11     | Killed Nergalle
  9174 | D:11     | Noticed a brown ugly thing
  9185 | D:11     | Killed a brown ugly thing
  9714 | Lair:1   | Entered Level 1 of the Lair of Beasts
 10624 | Lair:2   | Noticed Fannar
 10638 | Lair:2   | Reached XP level 12. HP: 113/113 MP: 11/11
 10646 | Lair:2   | Killed Fannar
 10724 | Lair:2   | Noticed a six-headed hydra
 10740 | Lair:2   | Killed a ten-headed hydra
 12020 | Lair:3   | Noticed a six-headed hydra
 12022 | Lair:3   | Noticed a five-headed hydra
 12033 | Lair:3   | Killed a 14-headed hydra
 12036 | Lair:3   | Killed a seven-headed hydra
 12281 | Lair:3   | Reached XP level 13. HP: 123/123 MP: 12/12
 12729 | Lair:3   | Found a staircase to the Swamp.
 12965 | Lair:3   | Identified the +5 trident of Voxtiura {antimagic, rF+ rCorr
                  | Dex+2}
 13181 | Lair:4   | Reached ***** piety under Trog
 13230 | Lair:4   | Reached skill level 1 in Shields
 13352 | Lair:4   | HP: 6/124 [seven-headed hydra (8)]
 13352 | Lair:4   | Mangled by a seven-headed hydra

Illustrated notes

Levels and vault maps discovered:
D:1:      dpeg_chamrin_arrival_tetris, layout_loops_ring,
          hellmonk_ecumenical_altar_blasted, glass_columns_c,
          lemuel_flame_loot_1
D:2:      minmay_door_path, layout_loops_ring, serial_shops,
          nicolae_lakefront_shop, minmay_misc_feat_tower
D:3:      layout_loops_ring, serial_shops, shop
D:4:      corexii_shack_village, layout_basic, chequers_serial_rivers_micro_d
D:5:      layout_cave_pools, serial_shops, kennysheep_mini
D:6:      minmay_cornered_nines, layout_basic, minmay_temple_entry_purple_smoke,
          serial_shops, shop
D:7:      layout_rooms, minmay_fractal_squares_5
D:8:      layout_basic, mainiacjoe_overflow_alcove_3, uniq_maggie
D:9:      layout_loops_cross
D:10:     layout_roguey, grunt_temple_overflow_order_and_chaos_1, uniq_psyche
D:11:     layout_layer_cave, grunt_lair_entry_orc_guard_hut, orc_0_dummy,
          ebering_ghost_funeral_grove, uniq_nergalle
Lair:1:   layout_regular_city, grunt_megastairs_4
Lair:2:   layout_gridlike, bobbens_dragon_lair_wall, uniq_fannar
Lair:3:   layout_small_grid, palyth_hydra_swamp_entry, beast_lair_carwin_11,
          grunt_megastairs_3, lemuel_fruit_fields
Lair:4:   layout_cave_pods, minmay_snake_entry_six_corridors,
          gammafunk_ghost_hive, st_stairs_10

Skill      XL: |  1  2  3  4  5  6  7  8  9 10 11 12 13 |
---------------+----------------------------------------+-----
Polearms       | 4 5 6 8 9 10 12 13 14 | 14.0
Fighting       | 4 5 6 8 9 10 12 13 14 | 14.1
Armour         | 3 4 5 6 7 9 10 12 13 | 13.8
Dodging        | 3 4 5 6 8 9 11 12 | 12.7
Shields        | 1 |  1.8

Action                   |  1- 3 |  4- 6 |  7- 9 | 10-12 | 13-15 || total
-------------------------+-------+-------+-------+-------+-------++-------
Melee: Spear             |   106 |   126 |   242 |       |       ||   474
       Headbutt          |     7 |    14 |    54 |   106 |    25 ||   206
       Punch             |     1 |     2 |     5 |       |       ||     8
       Halberd           |       |       |    33 |   609 |    73 ||   715
       Trident           |       |       |       |       |    45 ||    45
Throw: Throwing net      |       |       |       |     1 |       ||     1
Invok: Berserk           |       |     1 |     8 |    18 |     2 ||    29
       Trog's Hand       |       |     1 |     1 |     6 |     1 ||     9
  Use: Scroll            |     6 |     2 |     4 |       |       ||    12
       Potion            |     5 |     2 |       |     5 |     1 ||    13
 Stab: Sleeping          |     3 |       |       |       |       ||     3
Armor: Animal skin       |    11 |       |       |       |       ||    11
       Chain mail        |     4 |    42 |    76 |     2 |       ||   124
       Plate armour      |       |       |       |   257 |    74 ||   331
       Acid dragon scale |       |       |       |    31 |       ||    31
Dodge: Dodged            |    46 |    33 |   124 |   319 |    67 ||   589
       Repelled          |       |       |       |    11 |       ||    11
Block: Kite shield       |       |       |       |       |    20 ||    20
